 Dungeon Crawl Stone Soup version 0.29.0-4-gdea44cf6ec (webtiles) character file.

Game seed: 1590488371279391089

3 qw the Sneak (level 1, -7/14 HPs)
             Began as a Gargoyle Delver on Sept 10, 2022.
             Killed by divine providence
             ... invoked by an orc priest
              (12 damage)
             ... on level 4 of the Dungeon.
             The game lasted 00:00:08 (1117 turns).

qw the Sneak (Gargoyle Delver)                      Turns: 1117, Time: 00:00:08

Health: -7/14      AC:  5    Str: 15    XL:     1   Next: 50%
Magic:  1/1        EV: 11    Int: 10    God:
Gold:   0          SH:  0    Dex: 11    Spells: 0/0 levels left

rFire   . . .      SeeInvis .   a - +0 hand axe
rCold   . . .      Faith    .   (no shield)
rNeg    + . .      Spirit   .   b - +0 leather armour
rPois   inf        Reflect  .   (no helmet)
rElec   +          Harm     .   (no cloak)
rCorr   .          Rampage  .   (no gloves)
Will    .....                   (no boots)
Stlth   +++.......              (no amulet)
HPRegen 0.04/turn               (no ring)
MPRegen 0.07/turn               (no ring)

@: no status effects
A: sickness immunity, AC +2, negative energy resistance 1, electricity
resistance, torment resistance 1, petrification resistance
a: no special abilities


You were on level 4 of the Dungeon.
You visited 1 branch of the dungeon, and saw 2 of its levels.


Innate Abilities, Weirdness & Mutations

You are immune to sickness and miasma.
Your stone body is resilient. (AC +2)
You are immune to poison.
You resist negative energy. (rN+)
You are resistant to electric shocks. (rElec)
You are resistant to unholy torment.
You are immune to petrification.


   Skills:
 - Level 3.2 Fighting
 + Level 2.1 Axes
 - Level 1.5 Dodging
 - Level 5.4 Stealth


You couldn't memorise any spells.
You didn't know any spells.
Your spell library was empty.

Inventory:

Hand Weapons
 a - a +0 hand axe (weapon)
 c - a +0 club
Armour
 b - a +0 leather armour (worn)
Wands
 g - a wand of digging (3)
Potions
 f - a potion of haste

Dungeon Overview and Level Annotations

Branches:
Dungeon (5/15)
 Temple: D:4-7

Altars:


Message History

You start waiting.
Done waiting.
903 ||| Stepping ~*~*~tactically~*~*~ (hiding).
You start waiting.
Done waiting.
1005 ||| Stepping ~*~*~tactically~*~*~ (hiding).
You start waiting.
Done waiting.
The orc priest shouts!
A kobold comes into view. It is wielding a +0 short sword.
1107 ||| Stepping ~*~*~tactically~*~*~ (hiding).
You start waiting.
An orc priest is nearby!
An orc comes into view. It is wielding a +0 dagger.
The orc shouts! x2
You hit the orc priest but do no damage.
The orc priest hits you with a +0 club.
An orc comes into view.
It is wielding a +0 dagger and wearing a +2 scale mail of willpower.
The orc shouts!
You hit the orc priest but do no damage.
The orc priest looks satisfied for a moment.
You closely miss the orc priest. The orc priest barely misses you.
The kobold shouts!
You hit the orc priest.
The orc priest is lightly wounded.
The orc priest hits you with a +0 club.
You hit the orc.
The orc is moderately wounded.
The orc priest looks braver for a moment.
The orc barely misses you.
You barely miss the orc.
The orc is moderately wounded.
The orc priest calls upon Beogh to heal the orc.
The orc's wounds heal themselves!
The orc barely misses you.
You barely miss the orc.
The orc priest mumbles some strange prayers to Beogh against you.
Beogh smites you!
Ouch! That really hurt!
You die...

7777.777
.77
7.%.77..7
777....7
77.777
777.7
7..77
7.77 7.77


77@7 77oooo.7 777K..7 .7 You could see an orc priest, 3 orcs and a kobold.

Vanquished Creatures
  An orc (D:4)
  A goblin (D:4)
2 creatures vanquished.

Vanquished Creatures (others)
  A fungus (D:4)
1 creature vanquished.

Grand Total: 3 creatures vanquished

Notes
Turn   | Place    | Note
-------+----------+-------------------------------------------
     0 | D:5      | qw the Gargoyle Delver began the quest for the Orb.
     0 | D:5      | Reached XP level 1. HP: 14/14 MP: 1/1
     0 | D:5      | 0 ||| qw: Version: 0.1-a-116-g5d60599
     0 | D:5      | 0 ||| qw: Game counter: 7899
     0 | D:5      | 0 ||| qw: Always use a shield: true
     0 | D:5      | 0 ||| qw: God list: Okawaru
     0 | D:5      | 0 ||| qw: Allow faded altars: false
     0 | D:5      | 0 ||| qw: Do Orc after D:15 true
     0 | D:5      | 0 ||| qw: Do second Lair branch before Depths: true
     0 | D:5      | 0 ||| qw: Lair rune preference: random
     0 | D:5      | 0 ||| qw: Plans: Normal
     0 | D:5      | 0 ||| PLANNING D:1-11
    12 | D:5      | 12 ||| DROPPING scroll of fog.
    13 | D:5      | 13 ||| DROPPING scroll of magic mapping.
    14 | D:5      | 14 ||| DROPPING scroll of fear.
    86 | D:4      | Noticed an orc priest
    87 | D:4      | 87 ||| Stepping ~*~*~tactically~*~*~ (hiding).
   189 | D:4      | 189 ||| Stepping ~*~*~tactically~*~*~ (hiding).
   291 | D:4      | 291 ||| Stepping ~*~*~tactically~*~*~ (hiding).
   393 | D:4      | 393 ||| Stepping ~*~*~tactically~*~*~ (hiding).
   495 | D:4      | 495 ||| Stepping ~*~*~tactically~*~*~ (hiding).
   597 | D:4      | 597 ||| Stepping ~*~*~tactically~*~*~ (hiding).
   699 | D:4      | 699 ||| Stepping ~*~*~tactically~*~*~ (hiding).
   801 | D:4      | 801 ||| Stepping ~*~*~tactically~*~*~ (hiding).
   903 | D:4      | 903 ||| Stepping ~*~*~tactically~*~*~ (hiding).
  1005 | D:4      | 1005 ||| Stepping ~*~*~tactically~*~*~ (hiding).
  1107 | D:4      | 1107 ||| Stepping ~*~*~tactically~*~*~ (hiding).
  1117 | D:4      | Killed from afar by an orc priest

Levels and vault maps discovered:
D:4:      kb_forest_paths, layout_basic, serial_shops, shop,
          corexii_item_surrounded_by_moat, uniq_crazy_yiuf_cottage
D:5:      layout_loops_ring, grunt_decor_mini_mirrors,
          kennysheep_generic_room_9, uniq_menkaure

Skill      XL: |  1 |
---------------+----+-----
Axes           | 2 |  2.1
Fighting       | |  3.2
Dodging        | |  1.5
Stealth        | |  5.4

Action                   || total
-------------------------++-------
Melee: Hand axe          ||    13
Armor: Leather armour    ||     2
Dodge: Dodged            ||     4

Table legend:
 A = Non-vault XP
 B = Vault XP
 C = Vault XP percentage of total XP
 D = Non-vault monster count
 E = Vault monster count
 F = Vault count percentage of total count
                 A         B        C        D         E       F
            +---------+---------+-------+---------+---------+-------
      Total |       0 |       5 | 100.0 |       0 |       2 | 100.0
            +---------+---------+-------+---------+---------+-------
        D:4 |       0 |       5 | 100.0 |       0 |       2 | 100.0
            +---------+---------+-------+---------+---------+-------
